[Event "Late-Titled-Tuesday-Blitz-October-10-2023"]
[Site "Chess.com"]
[Date "2023.10.10"]
[Round "2"]
[White "Ishowmoves57"]
[Black "Vamostodorecto"]
[Result "1-0"]
[WhiteElo "2169"]
[BlackElo "2429"]
[TimeControl "180+1"]
[EndTime "14:17:17 PDT"]
[Termination "Ishowmoves57 won by resignation"]

1. e4 g6 2. d4 Bg7 3. Nc3 d6 4. Be3 a6 5. Qd2 b5 6. a3 Nd7 7. f4 Bb7 8. Be2 c5 9. Bf3 Rc8 10. Nge2 Nb6 11. b3 b4 12. axb4 cxb4 13. Na4 a5 14. O-O Nxa4 15. Rxa4 Nf6 16. d5 Qc7 17. Nd4 Qc3 18. Qxc3 Rxc3 19. Bf2 Nd7 20. Rxa5 O-O 21. Rfa1 Bxd4 22. Bxd4 Rxc2 23. Rb5 Bc8 24. Rxb4 Nc5 25. Bxc5 dxc5 26. Rc4 Rb2 27. Rxc5 h5 28. Ra8 Rxb3 29.
Raxc8 Rb2 30. Rxf8+ Kxf8 31. Rc8+ Kg7 32. h4 Rd2 33. e5 Rb2 34. Rc7 Kf8 35. d6 exd6 36.
exd6 Ke8 37. Bc6+ Kf8 38. d7 Ke7 39. Rc8 Rd2 40. Re8+ Kf6 41. d8=Q+ Rxd8 42. Rxd8 1-0

[Event "Late-Titled-Tuesday-Blitz-October-10-2023"]
[Site "Chess.com"]
[Date "2023.10.10"]
[Round "2"]
[White "Eloist"]
[Black "Elbebiber"]
[Result "1-0"]
[WhiteElo "2441"]
[BlackElo "2144"]
[TimeControl "180+1"]
[EndTime "14:17:17 PDT"]
[Termination "Eloist won on time"]

1. e4 d5 2. exd5 Nf6 3. Nf3 Nxd5 4. d4 Bf5 5. c4 Nb4 6. Na3 e6 7. Be2 c5 8. Be3 N8c6 9. O-O cxd4 10. Nxd4 Nxd4 11.
Bxd4 Nc6 12. Bc3 Bc5 13. Bxg7 Rg8 14. Qxd8+ Rxd8 15. Bf6 Rd2 16. Bf3 Rg6 17. Bc3 Rd7 18. Rad1 Bxa3 19. bxa3 Bd3 20. Rfe1 Bxc4 21. Rxd7 Kxd7 22.
Bh5 Rg5 23. Bxf7 Rf5 24. Bg8 h5 25. f3 Bxa2 26. Kf2 Bd5 27. Bh7 Rg5 28. h4 Rf5 29. Bxf5 exf5 30. Kg3 a6 31. Kf4 Be6 32. Kg5 b5 33.
Kxh5 Ne7 34. Kg5 Nd5 35. Bd2 Ne7 36. h5 Nc6 37. h6 Nd4 38. h7 1-0

[Event "Late-Titled-Tuesday-Blitz-October-10-2023"]
[Site "Chess.com"]
[Date "2023.10.10"]
[Round "2"]
[White "GMBenjaminBok"]
[Black "Ramosha"]
[Result "1-0"]
[WhiteElo "3012"]
[BlackElo "2614"]
[TimeControl "180+1"]
[EndTime "14:17:19 PDT"]
[Termination "GMBenjaminBok won by resignation"]

1. d4 Nf6 2. c4 e6 3. Nc3 Bb4 4. Qc2 O-O 5. a3 Bxc3+ 6. Qxc3 Ne4 7. Qc2 d5 8. Nf3 c5 9. dxc5 Nd7 10. b4 a5 11. Bb2 axb4 12. axb4 Rxa1+ 13. Bxa1 Ndxc5 14. e3 Na6 15. Qb2 f6 16. Be2 Qb6 17. O-O Qxb4 18. Qc2 Nd6 19. cxd5 exd5 20. Nd4 Qc5 21. Qb3 Nc7 22. Bc3 Re8 23. Bb4 Qb6 24. Qa4 Kf7 25.
Ba5 Qc5 26. Nb3 Qc2 27. Bh5+ g6 28. Rc1 b5 29. Qb4 Qe4 30. Rxc7+ Kg8 31. Bf3 Qe6 32. Nd4 Qf7 33. Qxd6 1-0

[Event "Late-Titled-Tuesday-Blitz-October-10-2023"]
[Site "Chess.com"]
[Date "2023.10.10"]
[Round "2"]
[White "Bauman_Guy"]
[Black "SHIVACalypso"]
[Result "1-0"]
[WhiteElo "2854"]
[BlackElo "2448"]
[TimeControl "180+1"]
[EndTime "14:17:19 PDT"]
[Termination "Bauman_Guy won by resignation"]

1. e4 e6 2. d4 d5 3. Nc3 Nf6 4.
Bg5 Be7 5. e5 Nfd7 6. Bxe7 Qxe7 7.
f4 a6 8. Nf3 c5 9. Ne2 cxd4 10.
Qd2 Nc6 11. Nexd4 f6 12. exf6 Qxf6 13. c3 O-O 14. g3 e5 15. fxe5 Ndxe5 16. Nxe5 Qxe5+ 17. Be2 Bg4 18. O-O-O Rf2 19. Rhe1 Bxe2 20. Rxe2 Rxe2 21.
Nxe2 Rd8 22. Kb1 Qe4+ 23. Ka1 Re8 24. Nf4 d4 25. b3 dxc3 26. Qxc3 Nb4 27. Kb2 a5 28. Rd7 Qe5 29. a3 g5 30. Qxe5 Rxe5 31. Nh5 Re2+ 32. Kc3 Nc6 33. Nf6+ Kf8 34. Nxh7+ Ke8 35.
Rxb7 Rxh2 36. Nxg5 Rg2 37. Ne4 Ne7 38. Rb5 a4 39. bxa4 Kd8 40. a5 Ra2 41. Kb3 Re2 42.
Nc3 Re3 43. a6 Nc6 44. Rb7 Na5+ 45. Kb4 Nxb7 46. axb7 Kc7 47. Nd5+ Kxb7 48. Nxe3 1-0

[Event "Late-Titled-Tuesday-Blitz-October-10-2023"]
[Site "Chess.com"]
[Date "2023.10.10"]
[Round "2"]
[White "Dacean99"]
[Black "TigrVShlyape"]
[Result "0-1"]
[WhiteElo "2593"]
[BlackElo "2935"]
[TimeControl "180+1"]
[EndTime "14:17:22 PDT"]
[Termination "TigrVShlyape won by resignation"]

1. d4 d5 2. Nf3 Nf6 3. c4 c6 4.
Nc3 a6 5. cxd5 cxd5 6. Bf4 e6 7.
e3 Bd6 8. Bg3 Bxg3 9. hxg3 Nc6 10. Bd3 Qd6 11. Rc1 h6 12. Bb1 Bd7 13. a3 Kf8 14.
Na4 Ke7 15. Nb6 Rab8 16. Nxd7 Nxd7 17. g4 Nf6 18. Nd2 Rhc8 19. O-O Rc7 20. Nb3 b6 21. f4 Rh8 22. Qf3 Nd7 23. Bd3 a5 24. Rc2 Na7 25. Rfc1 Rxc2 26. Rxc2 Rc8 27. Qe2 Rxc2 28.
Qxc2 g5 29. g3 Nf6 30. Be2 Kf8 31. Kg2 Kg7 32. Nd2 Qc6 33. Qb3 b5 34. fxg5 hxg5 35. Nf3 Ne4 36. Bd3 f6 37. Qd1 Nc8 38. Bb1 Ncd6 39.
Qd3 Qc1 40. b4 a4 41. Bc2 Nc4 42. Bb1 Nxa3 43. Ba2 Qc2+ 44. Qxc2 Nxc2 45. Bb1 Nxb4 46. Bxe4 dxe4 47. Nd2 a3 48. Nb3 Nc2 49. Nc1 b4 50.
Kf2 Na1 51. d5 exd5 0-1

[Event "Late-Titled-Tuesday-Blitz-October-10-2023"]
[Site "Chess.com"]
[Date "2023.10.10"]
[Round "2"]
[White "NLLO777"]
[Black "GianmarcoVaR"]
[Result "0-1"]
[WhiteElo "2379"]
[BlackElo "2679"]
[TimeControl "180+1"]
[EndTime "14:17:22 PDT"]
[Termination "GianmarcoVaR won by resignation"]

1. d4 Nf6 2. c4 e6 3. Nf3 d5 4. g3 Bb4+ 5. Bd2 Be7 6. Bg2 O-O 7. O-O c6 8. Qc2 Nbd7 9. Rd1 b6 10.
b3 Ba6 11. Bf4 Rc8 12. Nbd2 c5 13. dxc5 Bxc5 14. Qb2 Qe7 15. Rac1 Ba3 16. Qa1 Bxc1 17.
Rxc1 dxc4 18. Nxc4 Bxc4 19. bxc4 Rfe8 20. Ne5 Nxe5 21.
Bxe5 Red8 22. Bf3 Ne8 23. Qb2 Rc5 24. Bd4 Rc7 25. Be5 Rcd7 26. Kg2 Qc5 27. h4 Rd2 28. Qa1 Qa3 29. Rc3 Qxa2 30. Qc1 Qa5 31. Bf4 Rd1 32.
Qb2 Qa1 33. Qb4 Rh1 34. Rc1 Rxc1 35. Qe7 Rcd1 36. e3 R1d7 0-1

[Event "Late-Titled-Tuesday-Blitz-October-10-2023"]
[Site "Chess.com"]
[Date "2023.10.10"]
[Round "2"]
[White "ContrVersia"]
[Black "TimGrutter03"]
[Result "1-0"]
[WhiteElo "2893"]
[BlackElo "2573"]
[TimeControl "180+1"]
[EndTime "14:17:23 PDT"]
[Termination "ContrVersia won by resignation"]

1. Nf3 Nf6 2. c4 e6 3. g3 b6 4. Bg2 Bb7 5. O-O Be7 6. d4 O-O 7. Re1 Ne4 8. Nfd2 f5 9. Qc2 d5 10. Nc3 Nxd2 11. Bxd2 c6 12. Bf4 Nd7 13. cxd5 cxd5 14.
Nb5 Rc8 15. Bc7 Qe8 16. Nxa7 Ra8 17. Nb5 Nf6 18. Nd6 Bxd6 19. Bxd6 Rf7 20. Rec1 Ne4 21. Be5 Qb5 22. f3 Nf6 23. e3 Nd7 24. Bd6 Qa6 25. Bf1 b5 26. Bb4 e5 27. a4 exd4 28. exd4 Qb6 29. Bc5 Nxc5 30. dxc5 Qf6 31. axb5 Rxa1 32. Rxa1 Qd4+ 33. Qf2 Qb4 34. c6 Bc8 35. Ra8 Rf8 36. b6 Be6 37. b7 d4 38. Qe2 Bd5 39. Qb5 Qd2 40. Qxd5+ 1-0

[Event "Late-Titled-Tuesday-Blitz-October-10-2023"]
[Site "Chess.com"]
[Date "2023.10.10"]
[Round "2"]
[White "Zhigalko_Sergei"]
[Black "feuervogel1000000"]
[Result "0-1"]
[WhiteElo "2890"]
[BlackElo "2595"]
[TimeControl "180+1"]
[EndTime "14:17:24 PDT"]
[Termination "feuervogel1000000 won on time"]

1. e4 e5 2. Nf3 Nc6 3. Bc4 Bc5 4. b4 Bxb4 5. c3 Be7 6. d4 Na5 7. Bd3 d6 8. dxe5 dxe5 9. Nxe5 Nf6 10. O-O O-O 11. Qc2 Bd6 12. Nf3 Bg4 13. Nbd2 Nc6 14. Rb1 b6 15. h3 Bh5 16. Re1 Nd7 17. e5 Ncxe5 18. Nxe5 Nxe5 19. Bxh7+ Kh8 20. Be4 Bg6 21. Nf1 Qh4 22. Ng3 Rae8 23. Bd2 Bc5 24. Be3 Bxe3 25. Rxe3 Nc4 26. Ree1 Na3 27. Qc1 Nxb1 28. Qxb1 Bxe4 29. Nxe4 f5 30. Nd2 Rxe1+ 31. Qxe1 Rd8 32. Nf3 Qf6 33. Ne5 Re8 34. f4 g5 35. Qg3 Qg7 36. Nf3 g4 37. Ne5 Kg8 38. hxg4 fxg4 39. c4 Rd8 40. c5 bxc5 41. Qb3+ Kf8 42. Qc2 Qf6 43. Qxc5+ Qd6 0-1

[Event "Late-Titled-Tuesday-Blitz-October-10-2023"]
[Site "Chess.com"]
[Date "2023.10.10"]
[Round "2"]
[White "BardArtem"]
[Black "andrzej"]
[Result "0-1"]
[WhiteElo "2793"]
[BlackElo "2471"]
[TimeControl "180+1"]
[EndTime "14:17:24 PDT"]
[Termination "andrzej won on time"]

1. e4 e5 2. d4 exd4 3. Qxd4 Nc6 4. Qd3 g6 5. Nc3 Bg7 6. Bf4 d6 7. O-O-O Nf6 8. f3 O-O 9. g4 Re8 10. h4 a6 11. h5 b5 12. hxg6 hxg6 13. Qd2 b4 14. Nce2 Bxg4 15. Bh6 Bh5 16. Ng3 Ne5 17.
Be2 c5 18. Bxg7 Kxg7 19. Nxh5+ Nxh5 20. f4 Ng3 21. Rh3 Nxe4 22. Qd5 Nf6 23. Qh1 Ned7 24. Rxd6 Qe7 25. Rd1 Rh8 26. Bf3 Rxh3 27. Nxh3 Rh8 28. Qg2 Qe3+ 29. Kb1 c4 30. Ng5 Qxf4 31. Rf1 b3 32.
Bd5 bxc2+ 33. Kxc2 Rh2 34. Rxf4 Rxg2+ 35. Kd1 Rxg5 36.
Bxc4 a5 37. Rf2 Ne5 38. Be2 Ne4 39.
Rh2 Rg1+ 40. Kc2 Ng3 0-1

[Event "Late-Titled-Tuesday-Blitz-October-10-2023"]
[Site "Chess.com"]
[Date "2023.10.10"]
[Round "2"]
[White "tjallkompall"]
[Black "Langua_Chess"]
[Result "1-0"]
[WhiteElo "2750"]
[BlackElo "2481"]
[TimeControl "180+1"]
[EndTime "14:17:25 PDT"]
[Termination "tjallkompall won on time"]

1. c4 c5 2. g3 Nc6 3. Bg2 e6 4. Nf3 Nge7 5. O-O g6 6. d4 cxd4 7. Nxd4 Bg7 8. Nb5 d5 9. cxd5 exd5 10. N1c3 a6 11. Na3 Be6 12. Nc2 O-O 13. Bg5 h6 14. Bd2 Rc8 15. Rc1 Nf5 16. b3 Re8 17. Na4 Qe7 18. e3 Kh7 19. Re1 b5 20. Nc3 Ne5 21. Qe2 Red8 22. Red1 Nc6 23. Qe1 d4 24. exd4 Ncxd4 25.
Nxd4 Nxd4 26. Nd5 Qa3 27. Rxc8 Rxc8 28. Bc3 Rxc3 29. Nxc3 b4 30. Ne2 Nc2 31. Qd2 Qxa2 32. Nc1 Qb2 33. Be4 Nd4 34. Qxb2 1-0

[Event "Late-Titled-Tuesday-Blitz-October-10-2023"]
[Site "Chess.com"]
[Date "2023.10.10"]
[Round "2"]
[White "SaqoChess_Twitch"]
[Black "egnfanclub"]
[Result "1-0"]
[WhiteElo "2620"]
[BlackElo "2369"]
[TimeControl "180+1"]
[EndTime "14:17:26 PDT"]
[Termination "SaqoChess_Twitch won on time"]

1. d4 d5 2. c4 c6 3. Nc3 Nf6 4. e3 e6 5. Nf3 Nbd7 6. Bd3 dxc4 7. Bxc4 b5 8. Bd3 a6 9. e4 c5 10. e5 cxd4 11. Nxb5 axb5 12. exf6 gxf6 13. O-O Qb6 14.
b4 Bb7 15. Qe2 Rg8 16. Bxb5 Bd6 17. Rd1 Rd8 18. g3 Rg4 19. Bb2 Re4 20. Qd3 Be5 21. Nxe5 fxe5 22. Re1 f5 23. Rxe4 Bxe4 24. Qe2 Qb7 25.
Qh5+ Ke7 26. Qxh7+ Kd6 27. Bf1 Qxb4 28. Bc1 Qc3 29.
Bg5 Qf3 30. Qe7+ Kd5 31. Bc4+ Kxc4 32. Rc1+ Kd5 33. Kf1 Qh1+ 34. Ke2 d3+ 35. Kd2 Qf3 36. Qxd8 Qxf2+ 37. Kc3 Qd4+ 38. Kb3 Kd6 39. Be7+ 1-0

[Event "Late-Titled-Tuesday-Blitz-October-10-2023"]
[Site "Chess.com"]
[Date "2023.10.10"]
[Round "2"]
[White "stasOR4ik"]
[Black "protectiago"]
[Result "1-0"]
[WhiteElo "2423"]
[BlackElo "2082"]
[TimeControl "180+1"]
[EndTime "14:17:26 PDT"]
[Termination "stasOR4ik won on time"]

1. e4 e5 2. Nf3 Nc6 3. Bb5 a6 4. Ba4 Nf6 5. O-O Nxe4 6. Re1 Nc5 7.
Bxc6 dxc6 8. Nxe5 Be6 9. d4 Nd7 10. Bf4 Be7 11. Nc3 O-O 12. Ne4 Nxe5 13. Bxe5 b6 14. Qf3 f6 15. Bg3 Bd5 16. Qf5 g6 17. Qh3 f5 18. Nc3 Re8 19. Be5 Bf6 20. Rad1 Bf7 21.
Qg3 Bxe5 22. dxe5 Qc8 23. Ne2 c5 24. Nf4 Be6 25. Nh5 Rd8 26. Nf6+ Kh8 27. Qh4 Bg8 28. e6 Rxd1 29. Rxd1 Qxe6 30. Nd5 Re8 31. h3 c6 32.
Nc7 Qe7 33. Qg3 Rd8 34. Rxd8 Qxd8 35. Qe5+ 1-0

[Event "Late-Titled-Tuesday-Blitz-October-10-2023"]
[Site "Chess.com"]
[Date "2023.10.10"]
[Round "2"]
[White "MKlose11"]
[Black "BogdanDeac"]
[Result "1/2-1/2"]
[WhiteElo "2626"]
[BlackElo "3009"]
[TimeControl "180+1"]
[EndTime "14:17:28 PDT"]
[Termination "Game drawn by repetition"]

1. e4 c6 2. Nc3 d5 3. g3 d4 4. Nce2 c5 5. d3 Nc6 6. f4 e5 7. Nf3 f6 8. Bg2 Bd6 9. O-O Nge7 10.
fxe5 Nxe5 11. Nxe5 Bxe5 12. Nf4 O-O 13. Bh3 Bxh3 14. Nxh3 Qc8 15. Nf4 c4 16. Bd2 Qc6 17. Bb4 Bxf4 18. Rxf4 Rfe8 19. Bxe7 Rxe7 20. Rf5 Rc8 21.
Rd5 Qb6 22. b3 cxd3 23. cxd3 Rc3 24. Qe2 h6 25. Rd1 Rec7 26. Qh5 R7c5 27. Qe8+ Kh7 28.
Rd8 Rc1 29. Qg8+ Kg6 30. Qe8+ Kh7 31. Qg8+ Kg6 32. Rxc1 Rxc1+ 33. Kg2 Qc7 34. Qe8+ Kh7 35. Qg8+ Kg6 36. Qe8+ Kh7 37. Qg8+ Kg6 1/2-1/2

[Event "Late-Titled-Tuesday-Blitz-October-10-2023"]
[Site "Chess.com"]
[Date "2023.10.10"]
[Round "2"]
[White "Binary010"]
[Black "pedromartinez91"]
[Result "1-0"]
[WhiteElo "2833"]
[BlackElo "2547"]
[TimeControl "180+1"]
[EndTime "14:17:28 PDT"]
[Termination "Binary010 won by checkmate"]

1. e4 d5 2. exd5 Qxd5 3. Nc3 Qd8 4. d4 Nf6 5. Nf3 g6 6. h3 Bg7 7. Bc4 Bf8 8. O-O Bg7 9. Re1 O-O 10. Bf4 a6 11. a4 Nc6 12. d5 Nb4 13. a5 c6 14.
d6 e6 15. Qd2 Nbd5 16. Bh2 Nxc3 17. bxc3 Nd5 18. Ra3 Bd7 19. Ba2 b5 20. axb6 Qxb6 21. c4 Qb4 22. Qxb4 Nxb4 23. Bb3 f6 24. c5 Kf7 25.
Nd4 Rfe8 26. Ra4 Nd5 27. Rea1 f5 28. Bxd5 exd5 29. c3 Reb8 30. Bf4 Rb7 31. Rxa6 Rxa6 32. Rxa6 Bf6 33. Nxc6 Bxc3 34. Nd8+ Kf6 35. Nxb7 d4 36.
c6 Be6 37. d7 g5 38. d8=Q+ Kg6 39. Qxg5+ Kf7 40. Nd6+ Kf8 41. Ra8+ Bc8 42. Rxc8# 1-0

[Event "Late-Titled-Tuesday-Blitz-October-10-2023"]
[Site "Chess.com"]
[Date "2023.10.10"]
[Round "2"]
[White "Freefresh"]
[Black "Atanejhad"]
[Result "1-0"]
[WhiteElo "2753"]
[BlackElo "2382"]
[TimeControl "180+1"]
[EndTime "14:17:28 PDT"]
[Termination "Freefresh won by resignation"]

1. g4 h5 2. g5 e6 3. h4 d5 4. Bg2 g6 5. d4 Bg7 6. Bf4 Ne7 7. Nf3 c5 8. Be5 Bxe5 9. dxe5 Nbc6 10. Qd2 b5 11. Qf4 Nf5 12. Nbd2 Bb7 13. c3 Qb6 14. e4 dxe4 15. Nxe4 O-O-O 16. Nd6+ Nxd6 17. exd6 Rd7 18. O-O Kb8 19. Rad1 Rhd8 20. Rd2 c4 21. Rfd1 Qc5 22. b4 cxb3 23. axb3 Qxc3 24. Rd3 Qb4 25. Nd4 Nxd4 26. Rxd4 Qc5 27. Qd2 Bxg2 28. Kxg2 Qc6+ 29. f3 Rc8 30. Qa5 Qb6 31. Qxb6+ axb6 32. Kg3 Rc5 33. b4 Rc4 34. Rf4 e5 35. Re4 Rxb4 36. Rxb4 Kb7 37. Rxb5 Kc6 38. Rxe5 1-0

[Event "Late-Titled-Tuesday-Blitz-October-10-2023"]
[Site "Chess.com"]
[Date "2023.10.10"]
[Round "2"]
[White "JonasGallasch"]
[Black "Alina_Gumerovna"]
[Result "0-1"]
[WhiteElo "2410"]
[BlackElo "2144"]
[TimeControl "180+1"]
[EndTime "14:17:28 PDT"]
[Termination "Alina_Gumerovna won on time"]

1. Nf3 Nf6 2. c4 g6 3. g3 Bg7 4. Bg2 d6 5. O-O O-O 6. d4 Nbd7 7. Qc2 e5 8. Rd1 Qe7 9. Nc3 c6 10. e4 exd4 11. Nxd4 a5 12. b3 Nc5 13. Ba3 Bg4 14.
f3 Bd7 15. Nde2 h5 16. Rab1 h4 17. Na4 hxg3 18. hxg3 Rad8 19. Nxc5 dxc5 20. Bb2 Bc8 21. Rxd8 Rxd8 22. Rd1 Ne8 23. Bc3 b6 24. Rxd8 Qxd8 25. e5 Nc7 26. f4 Ne6 27. Bxc6 Nd4 28. Bxd4 cxd4 29. Bd5 Bf5 30. Qd2 d3 31. Nc1 g5 32.
Nxd3 gxf4 33. gxf4 Qh4 34. Ne1 Bf8 35. Ng2 Qg3 36. Kf1 Bc5 37. Qe1 Qd3+ 38. Qe2 Qb1+ 39.
Ne1 Bh3+ 0-1

[Event "Late-Titled-Tuesday-Blitz-October-10-2023"]
[Site "Chess.com"]
[Date "2023.10.10"]
[Round "2"]
[White "Xqswdc"]
[Black "Artyom_ChessMate"]
[Result "1-0"]
[WhiteElo "2336"]
[BlackElo "2500"]
[TimeControl "180+1"]
[EndTime "14:17:29 PDT"]
[Termination "Xqswdc won by resignation"]

1. e4 Nf6 2. e5 Nd5 3. d4 d6 4. c4 Nb6 5. exd6 exd6 6. Nf3 Be7 7.
h3 O-O 8. Bd3 Bf6 9. O-O Re8 10.
Nc3 Nc6 11. b3 Nxd4 12. Nxd4 Bxd4 13. Bxh7+ Kxh7 14. Qxd4 Bf5 15. Bb2 Qg5 16. f4 Qg6 17. Rf3 Nd7 18. Nd5 Re4 19. Qc3 f6 20. Nxc7 Rc8 21.
Nd5 Nc5 22. Rg3 Qf7 23. Rxg7+ Kxg7 24. Nxf6 Kh6 25. Qg3 Qg6 26. Qh4+ Kg7 27. Nxe4+ Kf7 28. Ng5+ Ke8 29. Re1+ Kd7 30. Nf3 Nd3 31. Qe7+ Kc6 32.
Nd4+ Kb6 33. Nxf5 Nxe1 34. Bd4+ Ka6 35. Qxd6+ Qxd6 36. Nxd6 Nd3 37. Nxc8 1-0

[Event "Late-Titled-Tuesday-Blitz-October-10-2023"]
[Site "Chess.com"]
[Date "2023.10.10"]
[Round "2"]
[White "SchachmattTV_Tobi"]
[Black "sergiochess83"]
[Result "0-1"]
[WhiteElo "2561"]
[BlackElo "2871"]
[TimeControl "180+1"]
[EndTime "14:17:31 PDT"]
[Termination "sergiochess83 won on time"]

1. d4 Nf6 2. c4 g6 3. Nc3 d5 4. Nf3 Bg7 5. h4 dxc4 6. e4 c5 7.
d5 b5 8. h5 O-O 9. hxg6 fxg6 10.
Rh4 e6 11. d6 Bb7 12. Bg5 Qa5 13. a4 b4 14. Nb5 Nxe4 15. Bxc4 b3+ 16. Kf1 Na6 17.
Bxe6+ Kh8 18. Be7 Rxf3 19. gxf3 Nd2+ 20. Kg2 Bxf3+ 21. Qxf3 Nxf3 22. Kxf3 Qd2 23. Rah1 h6 24. Kg2 Nb4 25. Bxb3 Nd3 26. Rf1 g5 27. Rh2 Ne1+ 28.
Kh1 Qe2 29. Rg1 Qf3+ 30. Rgg2 Nxg2 31. Rxg2 Qxb3 32. Nc7 Bxb2 33. Nxa8 Qd1+ 34. Kh2 Be5+ 35. Rg3 Bxg3+ 36. Kxg3 c4 37. Nc7 c3 38. Ne6 c2 0-1

[Event "Late-Titled-Tuesday-Blitz-October-10-2023"]
[Site "Chess.com"]
[Date "2023.10.10"]
[Round "2"]
[White "Semetey"]
[Black "marcodobrikov"]
[Result "0-1"]
[WhiteElo "2528"]
[BlackElo "2766"]
[TimeControl "180+1"]
[EndTime "14:17:31 PDT"]
[Termination "marcodobrikov won by checkmate"]

1. d4 d6 2. Nf3 Nc6 3. g3 e5 4. dxe5 dxe5 5. Qxd8+ Kxd8 6. Bg2 f6 7. O-O Be6 8. Rd1+ Ke8 9. Nc3 Kf7 10. Be3 Bb4 11. Nb5 Ba5 12. c3 a6 13. Na3 Nge7 14. Nd2 Rhd8 15.
Nac4 Nd5 16. Bc5 Bb6 17. Nxb6 cxb6 18. Bxd5 Rxd5 19. Be3 Rad8 20. Kf1 b5 21. Ke1 R8d7 22. a3 Na5 23. Bb6 Rxd2 24. Bxa5 Rxb2 25. Rxd7+ Bxd7 26. Rd1 Ke8 27. Rd6 Ke7 28. Rd1 Rc2 29. Bb4+ Ke8 30. f3 Be6 31. Rd2 Rc1+ 32. Kf2 Bc4 33. Ba5 b6 34.
Bxb6 Rxc3 35. Bc5 a5 36. e4 b4 37. axb4 a4 38. b5 a3 39. b6 a2 40. b7 Rb3 41.
Rxa2 Rxb7 42. Ra7 Rb2+ 43. Ke3 Re2# 0-1

[Event "Late-Titled-Tuesday-Blitz-October-10-2023"]
[Site "Chess.com"]
[Date "2023.10.10"]
[Round "2"]
[White "maximnovik"]
[Black "canary2016"]
[Result "1-0"]
[WhiteElo "2453"]
[BlackElo "2169"]
[TimeControl "180+1"]
[EndTime "14:17:31 PDT"]
[Termination "maximnovik won on time"]

1. e4 c5 2. Nf3 d6 3. d4 cxd4 4.
Nxd4 Nf6 5. Nc3 Nc6 6. Be3 e6 7. f4 Be7 8. Qf3 O-O 9. O-O-O Bd7 10. Rg1 Qa5 11. Nb3 Qc7 12. g4 e5 13. g5 Ne8 14.
Nd5 Qd8 15. f5 f6 16. Bc4 Kh8 17. g6 h6 18. Bxh6 gxh6 19. g7+ Nxg7 20. Rxg7 Kxg7 21. Qg4+ Kh8 22. Qg6 Rf7 23. Qxf7 Qf8 24. Qg6 Qg7 25. Rg1 Qxg6 26. Rxg6 Kh7 27. Nxe7 Nxe7 28. Rxf6 Re8 29.
Rxd6 Bc6 30. Nd2 Nc8 31. Re6 Rxe6 32. fxe6 Kg7 33. Bd5 Kf6 34. c4 Ne7 35. Kc2 Ng6 36. Kc3 Nf4 37. b4 Nxe6 38. b5 Bxd5 39. exd5 Nc5 40. Nb3 Ne4+ 41. Kd3 Nf2+ 42. Ke2 Ne4 43. Ke3 Nc3 44. Nc5 Nxa2 45. Nxb7 Ke7 46. d6+ Kd7 47.
c5 Nb4 48. Ke4 Nc2 49. c6+ 1-0

[Event "Late-Titled-Tuesday-Blitz-October-10-2023"]
[Site "Chess.com"]
[Date "2023.10.10"]
[Round "2"]
[White "HeinichessPY"]
[Black "MalyDominator"]
[Result "0-1"]
[WhiteElo "2167"]
[BlackElo "2450"]
[TimeControl "180+1"]
[EndTime "14:17:31 PDT"]
[Termination "MalyDominator won by resignation"]

1. Nf3 Nf6 2. g3 g6 3. Bg2 Bg7 4. O-O O-O 5. d3 d6 6. Nbd2 c5 7. e4 Nc6 8. c3 e5 9. Ng5 h6 10. Nh3 d5 11. f4 dxe4 12. dxe4 Ng4 13. Qe2 exf4 14. gxf4 Qc7 15. Nf3 Re8 16. f5 Bxf5 17. Bf4 Qb6 18. Nh4 Bd7 19. Rad1 Nce5 20. b3 c4+ 21. Kh1 cxb3 22. axb3 Qxb3 23. Bg3 Bb5 24. Qd2 Bxf1 25. Rxf1 Rad8 26. Qe1 Rd3 27. Nf3 Qxc3 28. Nf4 Qxe1 29. Nxe1 Rd1 30. Nd5 a5 31. h3 Rxd5 32. exd5 Ne3 33. Rf2 Nxg2 34. Nxg2 a4 35. Ra2 b5 36.
Ne3 Nd3 37. Nc2 Rd8 38. d6 Bf8 39. Ne1 Nxe1 40. Bxe1 Rxd6 41. Rb2 Rd1 42. Re2 Bb4 43. Kg2 Rxe1 44. Rb2 Re4 45. Kf3 Rc4 46. Rf2 a3 0-1

[Event "Late-Titled-Tuesday-Blitz-October-10-2023"]
[Site "Chess.com"]
[Date "2023.10.10"]
[Round "2"]
[White "TanitoluwaAps116"]
[Black "FM_Kappeler"]
[Result "1-0"]
[WhiteElo "2689"]
[BlackElo "2278"]
[TimeControl "180+1"]
[EndTime "14:17:33 PDT"]
[Termination "TanitoluwaAps116 won by checkmate"]

1. e4 c5 2. Nf3 e6 3. c3 d5 4.
exd5 exd5 5. Bb5+ Nc6 6. O-O Bd6 7. Re1+ Ne7 8. d4 O-O 9. Bg5 cxd4 10. Nxd4 Nxd4 11. Qxd4 h6 12. Bf4 Nf5 13. Qd2 Qb6 14.
Bxd6 Nxd6 15. Bd3 Bf5 16. Bxf5 Nxf5 17. Na3 Rad8 18. Re5 Qg6 19. Qd3 Nh4 20. Qh3 Qf6 21. Rae1 Ng6 22. Rf5 Qb6 23. Re2 Rfe8 24. Qd3 d4 25.
cxd4 Rxe2 26. Qxe2 Qxd4 27. g3 Qd2 28. Qxd2 Rxd2 29.
Rb5 b6 30. Nc4 Rc2 31. Ne3 Rd2 32. Kg2 Ne7 33. a4 Nc6 34. b4 Rb2 35. Nd5 Nd4 36. Ne7+ Kf8 37. Re5 Rxb4 38. Nd5 Rxa4 39. Re4 b5 40.
Nc7 a6 41. Re8# 1-0

[Event "Late-Titled-Tuesday-Blitz-October-10-2023"]
[Site "Chess.com"]
[Date "2023.10.10"]
[Round "2"]
[White "midedu"]
[Black "Rutricks"]
[Result "0-1"]
[WhiteElo "2070"]
[BlackElo "2670"]
[TimeControl "180+1"]
[EndTime "14:17:35 PDT"]
[Termination "Rutricks won by resignation"]

1. e4 g6 2. d4 Bg7 3. g3 c6 4. Bg2 d5 5. Nc3 dxe4 6. Nge2 Bg4 7. Bxe4 Nf6 8. Bg2 O-O 9. h3 Bf5 10. O-O Na6 11. a3 Nc7 12. Kh2 Ncd5 13. Re1 h5 14.
Bg5 Qc7 15. Qd2 Rfe8 16. Nf4 Nxc3 17. bxc3 Nh7 18. Nd3 Nxg5 19. Qxg5 Qa5 20. Qd2 Bxd4 21. Nb4 Bf6 22. Re3 Rad8 23. Qe1 Qc5 24. Rb1 Rd7 25. Rb3 Red8 26. Bf3 h4 27. g4 Be6 28. Rxe6 fxe6 29. Qxe6+ Kg7 30. Kg2 Rd2 31. Be2 a5 32. Nd3 Qd6 33. Qxd6 Rxd6 34. Bf3 Rxc2 35.
Nf4 Be5 36. Rxb7 Bxf4 37. Rxe7+ Kf6 38. Re4 Bg3 39. g5+ Kxg5 40. Rg4+ Kh6 41. Rxg6+ Rxg6 42. Be4 Rxf2+ 43. Kg1 Rd6 0-1

[Event "Late-Titled-Tuesday-Blitz-October-10-2023"]
[Site "Chess.com"]
[Date "2023.10.10"]
[Round "2"]
[White "Pomberito2"]
[Black "Harald_Schmidt"]
[Result "0-1"]
[WhiteElo "2513"]
[BlackElo "2342"]
[TimeControl "180+1"]
[EndTime "14:17:36 PDT"]
[Termination "Harald_Schmidt won by resignation"]

1. e4 c5 2. Nf3 a6 3. a3 d6 4. d4 cxd4 5. Nxd4 Nf6 6. Nc3 e5 7. Nf3 h6 8. h3 Be6 9. Be2 Be7 10. O-O O-O 11. Re1 Nc6 12. Bf1 Rc8 13. Nd5 Re8 14. c4 Na5 15. b3 Nxd5 16. exd5 Bf5 17. Bd2 b5 18. cxb5 Bc2 19. Qe2 Nxb3 20. Ra2 e4 21.
Nh2 Bd3 22. Qd1 Nxd2 23. Qxd2 Bg5 24. Qb4 axb5 25. a4 bxa4 26. Qxa4 Bxf1 27. Nxf1 Qb6 28.
Rxe4 Rxe4 29. Qxe4 Qb3 30. Re2 Rc1 31. Qe8+ Kh7 32.
Qe4+ Kg8 33. Qe8+ Kh7 34. Qe4+ g6 35. Re1 Rxe1 36. Qxe1 Qxd5 37. Ng3 Bf6 38. Qe8 Kg7 39. Ne4 Be5 40. g3 Qxe4 0-1

[Event "Late-Titled-Tuesday-Blitz-October-10-2023"]
[Site "Chess.com"]
[Date "2023.10.10"]
[Round "2"]
[White "Grischuk"]
[Black "aa175"]
[Result "1-0"]
[WhiteElo "2980"]
[BlackElo "2604"]
[TimeControl "180+1"]
[EndTime "14:17:37 PDT"]
[Termination "Grischuk won by resignation"]

1. d4 Nf6 2. c4 g6 3. h4 c5 4. d5 e6 5. dxe6 fxe6 6. Nf3 Bg7 7. Nc3 Nc6 8. e4 O-O 9. Be2 Qc7 10. g3 Nd4 11.
Bf4 Qb6 12. Qd2 Nh5 13. O-O-O Nxf4 14. gxf4 Rxf4 15. Rh3 d5 16. Rg3 dxe4 17. Nxd4 cxd4 18.
Qxf4 dxc3 19. bxc3 e5 20. Qe3 Qa5 21. h5 Qa3+ 22. Kb1 Bf5 23. Bg4 Bh6 24. Qxh6 Bxg4 25. hxg6 hxg6 26. Qxg6+ Kf8 27. Qf6+ Ke8 28. Qxe5+ Qe7 29.
Qxe7+ Kxe7 30. Rxg4 Kf6 31. Rxe4 Rc8 32. Red4 Ke5 33.
Kc2 Rf8 34. f3 Rxf3 35. Rd5+ Ke6 36. Rd6+ Ke5 37. R1d5+ Ke4 38. Rd4+ Ke5 39. Rd7 b6 40. Rxa7 Rf1 41. Rd5+ Ke6 42. Rb7 Rf2+ 43. Rd2 1-0